 Dungeon Crawl Stone Soup version 0.31-a0-536-ga3e2962e35 (webtiles) character file.

Game seed: 16212817174697232110

3415 Morbidden the Cleaver (level 9, -10/68 HPs)
             Began as a Demonspawn Fighter on Aug 13, 2023.
             Was a High Priest of Cheibriados.
             Mangled by a soul eater (15 damage)
             ... summoned by an orc sorcerer
             ... while paralysed by an orc sorcerer
             ... in a bailey.
             The game lasted 00:08:00 (7166 turns).

Morbidden the Cleaver (Demonspawn Fighter)          Turns: 7166, Time: 00:08:00

Health: -10/68     AC: 14    Str: 31    XL:     9   Next: 76%
Magic:  13/13      EV:  2    Int: 29    God:    Cheibriados [*****.]
Gold:   332        SH:  0    Dex: 23    Spells: 14/14 levels left

rFire   . . .        a - +2 war axe (heavy)
rCold   . . .        (no shield)
rNeg    + + .        j - +0 plate armour
rPois   +            A - +2 hat
rElec   .            u - scarf {+Inv}
rCorr   .            (no gloves)
SInv    .            (no boots)
Will    .....        (no amulet) Stlth
                     m - ring of positive energy
HPRegen 0.31/turn    v - ring "Jowk" {rN+ EV+5 Str+5}
MPRegen 0.13/turn

%: no passive effects
@: paralysed, studying Short Blades, very slow
A: repulsion field 2, foul stench 1, spiny 2, demonic touch 2, antennae 1,
clever 1, poison resistance
a: Renounce Religion, Evoke Invisibility, Bend Time, Temporal Distortion,
Slouch, Step From Time


You were in a bailey.
You worshipped Cheibriados.
Cheibriados was extremely pleased with you.
You visited 1 branch of the dungeon, and saw 7 of its levels.
You also visited: Ossuary and Bailey.

You collected 332 gold pieces.

Inventory:

Hand Weapons
 a - a +2 heavy war axe (weapon)
 w - a +0 scimitar
Missiles
 z - 7 boomerangs (quivered)
Armour
 j - a +0 plate armour (worn)
 u - a scarf of invisibility (worn)
 x - a +0 buckler
 A - a +2 hat (worn)
Jewellery
 m - a ring of positive energy (left hand)
 v - the ring "Jowk" (right hand) {rN+ EV+5 Str+5}
   (You found it on level 4 of the Dungeon)

   [ring of evasion]

   EV+5:      It affects your evasion (+5).
   Str+5:     It affects your strength (+5).
   rN+:       It protects you from negative energy.
Wands
 o - a wand of quicksilver (1)
 y - a wand of digging (5)
 C - a wand of iceblast (3)
Scrolls
 e - 8 scrolls of teleportation
 f - 4 scrolls of identify
 h - a scroll of revelation
 i - 2 scrolls of vulnerability
 k - 2 scrolls of enchant weapon
 s - 3 scrolls of fog
 D - a scroll of noise
 E - a scroll of fear {unknown}
Potions
 b - 5 potions of enlightenment
 c - a potion of berserk rage {unknown}
 d - 2 potions of might
 g - a potion of curing
 l - a potion of degeneration {unknown}
 n - a potion of lignification
 q - a potion of ambrosia
 r - a potion of mutation
 B - 3 potions of heal wounds {unknown}


   Skills:
 * Level 5.2 Fighting
 * Level 8.2 Axes
 + Level 0.5 Throwing
 * Level 5.4 Armour
 * Level 4.1 Dodging
 + Level 0.4 Stealth
 * Level 4.4 Shields
 * Level 3.2 Spellcasting
 * Level 4.9 Invocations
 + Level 0.4 Evocations


You had 14 spell levels left.
You didn't know any spells.
Your spell library contained the following spells:

 Spells                   Type           Power      Damage    Failure   Level
 Apportation              Tloc           8%         N/A       54%         1
 Necrotise                Necr           16%        1d4       54%         1
 Summon Small Mammal      Summ           16%        N/A       54%         1
 Cigotuvi's Dreadful Rot  Necr/Pois/Air  8%         N/A       69%         2
 Dispel Undead            Necr           4%         3d7       100%        4
 Death Channel            Necr           2%         N/A       100%        6


Dungeon Overview and Level Annotations

Branches:
Dungeon (7/15)             Temple (0/1) D:5         Ossuary (visited)
 Bailey (1/1)

Altars:
Ashenzari
Cheibriados
Gozag
Hepliaklqana
Kikubaaqudgha
Makhleb

Shops:
D:3 =   D:7 :*[


Innate Abilities, Weirdness & Mutations

You are surrounded by a moderate repulsion field. (EV +3)
You may rarely emit foul miasma when damaged in melee.
You are mostly covered in sharp spines.
Your touch may inflict irresistible damage on your foes.
You have a pair of small antennae on your head.
Your mind is acute. (Int +4, Str/Dex -1)
Your system is resistant to poisons. (rPois)


Message History

You closely miss the orc sorcerer.
The orc sorcerer is almost dead.
You slice the orc warrior!! You hit the soul eater.
The orc warrior is struck by your spines.
You kill the orc warrior!
Cheibriados appreciates the change of pace.
The orc sorcerer misses you. The soul eater closely misses you.
The orc sorcerer casts a spell.
Your life force feels restored.
Unknown command.
Unknown command.
You hit the orc sorcerer but do no damage.
The orc sorcerer is almost dead.
You barely miss the soul eater. The soul eater misses you.
The orc sorcerer completely misses you.
The soul eater hits you but does no damage.
Unknown command.
Unknown command.
Unknown command.
Unknown command.
You hit the orc sorcerer.
The orc sorcerer is almost dead.
You hit the soul eater but do no damage.
You slash the chaos spawn!
The orc sorcerer points at you and mumbles some strange words.
You suddenly lose the ability to move!
The chaos spawn is struck by your spines.
The chaos spawn gores you but does no damage.
The soul eater is struck by your spines.
The soul eater hits you!
* * * LOW HITPOINT WARNING * * *
You emit a cloud of foul miasma!
The orc sorcerer is struck by your spines.
The orc sorcerer hits you but does no damage.
The chaos spawn is struck by your spines.
The chaos spawn hits you!
* * * LOW HITPOINT WARNING * * *
You easily resist.
You emit a cloud of foul miasma!
The soul eater hits you!
You die...

#≈≈≈≈≈#....'....)#.......
#≈≈≈≈≈#.)).#....)))8.8.8.
#≈≈≈≈≈#.##############...
#≈≈≈≈≈~.#[[+ { #..)
#≈≈≈≈≈~.#[[# #...
#≈≈≈≈≈~.#..# ####
#≈≈≈≈≈~.######## #..
#≈≈≈≈≈~.#4.8.8.. #..
#≈≈≈≈≈~∩@o......' #..
#≈≈≈≈≈~)#3.8.8.. #..
#≈≈≈≈≈~)######## #..
#≈≈≈≈≈~)#. ###
#≈≈≈≈≈~.#??#
#≈≈≈≈≈~.#?:'.
#≈≈≈≈≈#.###### #≈≈≈≈≈#..
#≈≈≈≈≈ ..


You could see a soul eater (summoned), a chaos spawn (summoned) and an orc
sorcerer.

Vanquished Creatures
  An orc knight (Bailey)
  3 black bears
  An ice beast (D:4)
  10 orc warriors
  A centaur (D:6)
  2 kobold brigands
  3 scorpions
  7 water moccasin zombies (Ossuary)
  A howler monkey (D:7)
  4 electric eels (Bailey)
  A jelly (D:6)
  An orc priest (D:6)
  3 hounds (D:5)
  2 iguanas
  A sleepcap (D:7)
  Natasha (thrice) (D:2)
  4 orc wizards
  3 mummies
  2 gnolls (Bailey)
  7 adders
  9 adder zombies (Ossuary)
  2 worms
  3 dart slugs
  26 orcs
  10 endoplasms
  7 giant cockroaches
  5 gnoll zombies (Ossuary)
  15 goblins
  10 hobgoblins
  8 jackals
  3 quokkas
  11 ball pythons
  2 bats (D:1)
  2 frilled lizards
  5 hobgoblin zombies (Ossuary)
  24 kobolds
  5 kobold zombies (Ossuary)
  3 orc zombies (Ossuary)
  5 rats
215 creatures vanquished.

Notes
Turn   | Place    | Note
-------+----------+-------------------------------------------
     0 | D:1      | Morbidden the Demonspawn Fighter began the quest for the
                  | Orb.
     0 | D:1      | Reached XP level 1. HP: 18/18 MP: 1/1
   345 | D:1      | Gained mutation: You are partially covered in sharp spines.
                  | [demonic ancestry]
   345 | D:1      | Reached XP level 2. HP: 24/24 MP: 2/2
   717 | D:1      | Reached skill level 2 in Axes
  1010 | D:2      | Gained mutation: You are mostly covered in sharp spines.
                  | [demonic ancestry]
  1010 | D:2      | Reached XP level 3. HP: 27/29 MP: 3/3
  1107 | D:2      | Noticed Natasha
  1112 | D:2      | Killed Natasha
  1113 | D:2      | Reached skill level 1 in Dodging
  1113 | D:2      | Gained mutation: You are surrounded by a mild repulsion
                  | field. (EV +2) [demonic ancestry]
  1113 | D:2      | Reached XP level 4. HP: 28/35 MP: 3/5
  1318 | D:2      | Reached skill level 1 in Spellcasting
  1580 | D:2      | Noticed Natasha
  1588 | D:2      | Killed Natasha
  1589 | D:2      | Reached skill level 3 in Axes
  1636 | D:2      | Reached XP level 5. HP: 41/41 MP: 6/6
  1638 | D:2      | Noticed Natasha
  1642 | D:2      | Killed Natasha
  2416 | D:3      | Found a snail-covered altar of Cheibriados.
  2427 | D:3      | Became a worshipper of Cheibriados the Contemplative
  2517 | D:3      | Found Corch's Jewellery Shop.
  3268 | D:4      | Found a burning altar of Makhleb.
  3539 | D:4      | Found a hazy altar of Hepliaklqana.
  3575 | D:4      | Noticed an ice beast
  3583 | D:4      | Killed an ice beast
  3584 | D:4      | Reached skill level 1 in Invocations
  3584 | D:4      | Gained mutation: You may rarely emit foul miasma when
                  | damaged in melee. [demonic ancestry]
  3584 | D:4      | Reached XP level 6. HP: 36/48 MP: 8/8
  3683 | D:4      | Reached skill level 4 in Axes
  3719 | D:4      | Reached * piety under Cheibriados
  3847 | D:4      | Identified the ring "Jowk" {rN+ EV+5 Str+5}
  4234 | D:5      | Entered Level 5 of the Dungeon
  4277 | D:5      | Found an opulent altar of Gozag.
  4324 | D:5      | Noticed an orc warrior
  4334 | D:5      | Killed an orc warrior
  4335 | D:5      | Gained mutation: Your touch may inflict minor irresistible
                  | damage on your foes. [demonic ancestry]
  4335 | D:5      | Reached XP level 7. HP: 26/53 MP: 9/9
  4612 | D:5      | Identified the +2 leather armour of Oshi {Will+}
  4890 | D:5      | Reached ** piety under Cheibriados
  4892 | D:5      | Found a staircase to the Ecumenical Temple.
  5197 | D:5      | Found an ancient bone altar of Kikubaaqudgha.
  5263 | D:6      | Reached skill level 5 in Axes
  5411 | D:6      | Gained mutation: You are surrounded by a moderate repulsion
                  | field. (EV +3) [demonic ancestry]
  5411 | D:6      | Reached XP level 8. HP: 56/60 MP: 10/10
  5797 | D:6      | Identified the +10 shortbow "Icrusch" {speed, Contam rC++}
  5927 | D:6      | Reached skill level 6 in Axes
  6191 | D:7      | Found Jefyiloff's Antique Armour Shop.
  6197 | D:7      | Found a broken altar of Ashenzari.
  6213 | D:7      | Found Ywyr's General Store.
  6227 | D:7      | Reached *** piety under Cheibriados
  6229 | D:7      | Found Giaxong's Book Emporium.
  6265 | D:7      | Found a sand-covered staircase.
  6272 | Ossuary  | Entered an ossuary
  6340 | Ossuary  | Reached skill level 5 in Armour
  6371 | Ossuary  | Reached **** piety under Cheibriados
  6449 | D:7      | Found a flagged portal.
  6469 | Bailey   | Entered a bailey
  6477 | Bailey   | Gained mutation: Your touch may inflict irresistible damage
                  | on your foes. [demonic ancestry]
  6477 | Bailey   | Reached XP level 9. HP: 36/66 MP: 12/12
  6496 | Bailey   | Reached skill level 7 in Axes
  6643 | Bailey   | Noticed an orc knight
  6658 | Bailey   | Gained mutation: Your mind is acute. (Int +4, Str/Dex -1)
                  | [potion of mutation]
  6658 | Bailey   | Gained mutation: You have a pair of small antennae on your
                  | head. [potion of mutation]
  6658 | Bailey   | Gained mutation: Your system is resistant to poisons.
                  | (rPois) [potion of mutation]
  6660 | Bailey   | Killed an orc knight
  6661 | Bailey   | Reached skill level 5 in Fighting
  6663 | Bailey   | Reached ***** piety under Cheibriados
  6928 | Bailey   | Reached skill level 8 in Axes
  7152 | Bailey   | Noticed an orc sorcerer
  7159 | Bailey   | Paralysed by an orc sorcerer for 4 turns
  7160 | Bailey   | Noticed a soul eater
  7165 | Bailey   | Paralysed by an orc sorcerer for 4 turns
  7166 | Bailey   | Mangled by a soul eater

Illustrated notes

Levels and vault maps discovered:
D:1:      minmay_arrival_jagged, layout_basic, minmay_stone_trees_medium,
          minmay_pentomino_v4
D:2:      kennysheep_six_static_rooms, layout_loops_ring,
          minmay_worlds_worst_comb, uniq_natasha
D:3:      layout_loops_corners, kennysheep_slug_shrine, serial_shops,
          nicolae_shop_tiny_glass, kennysheep_cross_bottleneck
D:4:      layout_basic, nicolae_hepliaklqana_hazy_memory, kennysheep_little_box
D:5:      layout_basic, kiku_gazebo_garden_becter,
          mainiacjoe_overflow_six_doors_small, minmay_temple_entry_glassed_door,
          kennysheep_generic_room_7
D:6:      layout_gridville, zin_scriptorium
D:7:      layout_layer_cave, evilmike_ruin_ashenzari, serial_shops, shop,
          nicolae_shop_peninsula, nicolae_shop_hallway_stairs,
          nicolae_square_shop, enter_bailey_5, nicolae_ossuary_entry_giza,
          minmay_misc_feat_x
Bailey:   bailey_axe_of_yendor_kennysheep, bailey

Skill      XL: |  1  2  3  4  5  6  7  8  9 |
---------------+----------------------------+-----
Axes           | 2 3 4 5 6 8 |  8.2
Shields        | 3 4 |  4.4
Armour         | 3 4 5 |  5.4
Dodging        | 1 2 3 4 |  4.1
Spellcasting   | 1 2 3 |  3.2
Invocations    | 1 2 3 4 |  4.9
Fighting       | 4 5 |  5.2
Throwing       | |  0.5
Stealth        | |  0.4
Evocations     | |  0.4

Action                     |  1- 3 |  4- 6 |  7- 9 || total
---------------------------+-------+-------+-------++-------
  Melee: War axe           |    65 |   123 |   143 ||   331
         Touch             |       |       |    13 ||    13
  Throw: Boomerang         |       |       |    10 ||    10
  Evoke: Wand              |       |       |     7 ||     7
    Use: Scroll            |       |       |     8 ||     8
         Potion            |       |       |     8 ||     8
 Armour: Scale mail        |    13 |       |       ||    13
         Plate armour      |    21 |    50 |    62 ||   133
         Skin              |       |       |     9 ||     9
  Dodge: Dodged            |    12 |    25 |   185 ||   222
  Block: Buckler           |    23 |    32 |     1 ||    56

Table legend: (Time is in decaauts)
 A = Elapsed time spent in this place.
 B = Non-inter-level travel time spent in this place.
 C = Inter-level travel time spent in this place.
 D = Time resting spent in this place.
 E = Time spent auto-exploring this place.
 F = Levels seen in this place.
 G = Mean time per level.
                   A        B        C        D        E       F      G
               +--------+--------+--------+--------+--------+-----+--------+
         Total |   8754 |   8404 |    350 |    518 |   6438 |   9 |  972.7 |
       Dungeon |   7678 |   7328 |    350 |    245 |   6077 |   7 | 1096.9 |
       Ossuary |    240 |    240 |      0 |      0 |      0 |   1 |  240.0 |
        Bailey |    836 |    836 |      0 |    273 |    360 |   1 |  836.0 |
               +--------+--------+--------+--------+--------+-----+--------+

Top non-repeatable levels by time:
     D:5: 1373 daAuts
     D:6: 1363 daAuts
     D:2: 1327 daAuts
     D:3: 1278 daAuts
     D:4: 1187 daAuts
     D:1: 952 daAuts
  Bailey: 836 daAuts
 Ossuary: 240 daAuts
     D:7: 197 daAuts
